 Dungeon Crawl Stone Soup version 0.30-a0-1116-gebefce21f7 (webtiles) character file.

Game seed: 15431216471244904970

102 leviel the Trooper (level 4, -10/41 HPs)
             Began as a Hill Orc Fighter on Apr 21, 2023.
             Killed from afar by Natasha (20 damage)
             ... with a bolt of dispelling energy
             ... on level 2 of the Dungeon.
             The game lasted 00:01:12 (1179 turns).

leviel the Trooper (Hill Orc Fighter)               Turns: 1179, Time: 00:01:13

Health: -10/41     AC:  8    Str: 20    XL:     4   Next: 77%
Magic:  4/4        EV:  9    Int:  8    God:
Gold:   41         SH:  4    Dex: 10    Spells: 3/3 levels left

rFire   . . .      SeeInvis .    a - +0 war axe
rCold   . . .      Faith    .    c - +0 buckler
rNeg    + . .      Spirit   .    b - +1 scale mail
rPois   .          Reflect  .    (no helmet)
rElec   .          Rampage  .    (no cloak)
rCorr   .                        (no gloves)
Will    .....                    (no boots) Stlth
                                 (no amulet)
HPRegen 0.26/turn                h - ring of positive energy
MPRegen 0.09/turn                (no ring)

@: no status effects
A: no striking features
a: no special abilities


You were on level 2 of the Dungeon.
You visited 1 branch of the dungeon, and saw 2 of its levels.

You collected 41 gold pieces.

Inventory:

Hand Weapons
 a - a +0 war axe (weapon)
Armour
 b - a +1 scale mail (worn)
 c - a +0 buckler (worn)
Jewellery
 h - a ring of positive energy (left hand)
Potions
 d - a potion of might
 j - 2 potions of curing {unknown}


   Skills:
 + Level 4.5 Fighting
 + Level 3.8 Axes
 + Level 4.0 Armour
 + Level 4.1 Shields


You had 3 spell levels left.
You didn't know any spells.
Your spell library was empty.

Dungeon Overview and Level Annotations

Branches:
Dungeon (2/15)

Altars:

Annotations:
D:2 Natasha


Message History

The ball python bites you but does no damage.
The ball python bites you. The ball python constricts you.
The ball python bites you.
Natasha zaps a wand.
The bolt of dispelling energy hits you but does no damage.
You slash the ball python!
You kill the ball python!
You completely miss the ball python. You barely miss Natasha.
The ball python barely misses you. The ball python closely misses you.
Natasha zaps a wand.
The bolt of dispelling energy hits you!
You are too injured to fight recklessly!
You are too injured to fight recklessly!
There are monsters nearby!
You barely miss Natasha. You closely miss the ball python.
The ball python bites you but does no damage.
You block the ball python's attack. Natasha claws you.
The ball python bites you but does no damage.
The ball python grabs you. The ball python constricts you.
You hit Natasha.
Natasha is moderately wounded.
You barely miss the ball python.
Natasha wildly gestures.
Natasha shimmers violently.
Natasha claws you! The ball python closely misses you.
The ball python constricts you. Natasha claws you but does no damage.
You closely miss Natasha.
Natasha is moderately wounded.
You barely miss the ball python. You block the ball python's attack.
The ball python constricts you. The ball python barely misses you.
The ball python constricts you. Natasha claws you.
* * * LOW HITPOINT WARNING * * *
You hit Natasha but do no damage.
Natasha is moderately wounded.
You hit the ball python.
You kill the ball python!
Natasha misses you.
You slash Natasha!
Natasha is severely wounded.
Natasha zaps a wand.
The bolt of dispelling energy hits you!!
You die...

#.... ###....
#.....#
#.....#
#.....##
#$.....
#...††###.###
#....@hr.....
#..$..###.###
#####.....#
... #.###.###
#.. #.# #. ..
#.# ##.###.
.# #.#
#...##.#.#
#.# #...##...
####.#
#....##.#
#..#.##


You could see Natasha and a rat.

Vanquished Creatures
  Natasha (twice) (D:2)
  An adder (D:2)
  A dart slug (D:1)
  4 ball pythons
  3 endoplasms (D:1)
  A giant cockroach (D:1)
  5 goblins (D:1)
  7 hobgoblins
  4 kobolds (D:1)
  4 quokkas (D:1)
  A bat (D:1)
  A frilled lizard (D:1)
  2 rats (D:1)
36 creatures vanquished.

Vanquished Creatures (others)
  A goblin (D:2)
1 creature vanquished.

Grand Total: 37 creatures vanquished

Notes
Turn   | Place    | Note
-------+----------+-------------------------------------------
     0 | D:1      | leviel the Hill Orc Fighter began the quest for the Orb.
     0 | D:1      | Reached XP level 1. HP: 19/19 MP: 1/1
   145 | D:1      | Reached XP level 2. HP: 27/27 MP: 2/2
   397 | D:1      | Reached XP level 3. HP: 29/33 MP: 3/3
   941 | D:2      | Noticed Natasha
   947 | D:2      | Killed Natasha
   948 | D:2      | Reached XP level 4. HP: 37/41 MP: 4/4
   964 | D:2      | Noticed Natasha
   980 | D:2      | Killed Natasha
  1167 | D:2      | Noticed Natasha
  1179 | D:2      | Killed from afar by Natasha

Illustrated notes

Levels and vault maps discovered:
D:1:      co_arrival_random_square_maze, layout_loops_ring
D:2:      layout_rooms, minmay_misc_feat_secret_circle, uniq_natasha

Skill      XL: |  1  2  3  4 |
---------------+-------------+-----
Axes           | 3 |  3.8
Fighting       | 4 |  4.5
Armour         | 4 |  4.0
Shields        | 4 |  4.1

Action                     |  1- 3 |  4- 6 || total
---------------------------+-------+-------++-------
  Melee: War axe           |    81 |    30 ||   111
    Use: Scroll            |     4 |       ||     4
 Armour: Scale mail        |    36 |    22 ||    58
  Dodge: Dodged            |    24 |    14 ||    38
  Block: Buckler           |    22 |    12 ||    34

Table legend: (Time is in decaauts)
 A = Elapsed time spent in this place.
 B = Non-inter-level travel time spent in this place.
 C = Inter-level travel time spent in this place.
 D = Time resting spent in this place.
 E = Time spent auto-exploring this place.
 F = Levels seen in this place.
 G = Mean time per level.
                   A        B        C        D        E       F      G
               +--------+--------+--------+--------+--------+-----+--------+
         Total |   1227 |   1222 |      5 |    154 |    809 |   2 |  613.5 |
       Dungeon |   1227 |   1222 |      5 |    154 |    809 |   2 |  613.5 |
               +--------+--------+--------+--------+--------+-----+--------+

Top non-repeatable levels by time:
     D:1: 870 daAuts
     D:2: 357 daAuts
